 Dungeon Crawl Stone Soup version 0.19.5 (webtiles) character file.

203 McKennaii the Skirmisher (level 5, 0/44 HPs)
             Began as a Demonspawn Abyssal Knight on Apr 25, 2017.
             Was a Believer of Lugonu.
             Succumbed to a scorpion's poison
             ... on level 4 of the Dungeon.
             The game lasted 00:08:03 (3440 turns).

McKennaii the Skirmisher (DsAK)                     Turns: 3440, Time: 00:08:03

Health: 0/44       AC:  5    Str: 13    XL:     5   Next: 51%
Magic:  6/6        EV: 11    Int: 13    God:    Lugonu [**....]
Gold:   199        SH:  0    Dex: 13    Spells: 0 memorised, 4 levels left

rFire  . . .     SeeInvis .     a - +1 falchion
rCold  . . .     Gourm    .     b - +0 leather armour
rNeg   . . .     Faith    .     (no shield)
rPois  .         Spirit   .     (no helmet)
rElec  .         Reflect  .     (no cloak)
rCorr  .         Harm     .     (no gloves)
MR     .....                    (no boots)
Stlth  +.........               (no amulet)
                                (no ring)
                                (no ring)

@: lethally poisoned (0 -> -17)
A: rugged brown scales 2, powered by death 1
a: Depart the Abyss, Bend Space, Renounce Religion


You were on level 4 of the Dungeon.
You worshipped Lugonu.
Lugonu was pleased with you.
You were not hungry.

You visited 1 branch of the dungeon, and saw 4 of its levels.
You visited the Abyss 1 time.

You collected 199 gold pieces.

Inventory:

Hand Weapons
 a - a +1 falchion (weapon)
Armour
 b - a +0 leather armour (worn)
Wands
 n - a wand of lightning (6/15)
Scrolls
 d - a scroll of enchant armour {unknown}
 e - 3 scrolls of identify {unknown}
 f - a scroll of fog {unknown}
 h - 2 scrolls of magic mapping {unknown}
 j - a scroll of random uselessness {unknown}
 l - a scroll of teleportation {unknown}
Potions
 g - 3 potions of curing
 i - a potion of brilliance
 k - a potion of might {unknown}
Books
 m - a book of Changes

   Spells                             Type                      Level
   a - Beastly Appendage              Transmutation                1
   b - Sticks to Snakes               Transmutation                2
   c - Spider Form                    Transmutation/Poison         3
   d - Ice Form                       Ice/Transmutation            4
   e - Blade Hands                    Transmutation                5
Comestibles
 c - a bread ration


   Skills:
 + Level 4.0 Fighting
 + Level 4.0 Long Blades
 + Level 2.4 Armour
 + Level 1.5 Dodging
 + Level 0.4 Stealth
 + Level 2.4 Invocations


You had 4 spell levels left.
You didn't know any spells.

Dungeon Overview and Level Annotations

Branches:
Dungeon (4/15)
 Temple: D:4-7

Altars:
Elyvilon
Makhleb
Yredelemnul
The Shining One

Shops:
D:4 (

Annotations:
D:4 1 runed door


Innate Abilities, Weirdness & Mutations

You are mostly covered in rugged brown scales. (AC +2, +5% HP)
You regenerate a little health from kills.


Message History

The scorpion stings you.
* * * LOW HITPOINT WARNING * * *
You are lethally poisoned!
The scorpion poisons you!
You hit the scorpion but do no damage.
The scorpion is almost dead.
* * * LOW HITPOINT WARNING * * *
You feel sick. The scorpion stings you.
* * * LOW HITPOINT WARNING * * *
You are more poisoned.
The scorpion poisons you!
Evoke which item? (* to show all) (? for menu, Esc to quit)
Okay, then.
* * * LOW HITPOINT WARNING * * *
You feel sick.
Evoke which item? (* to show all) (? for menu, Esc to quit)
Zapping:
n - a wand of lightning (will waste charges)
Press: ? - help, Shift-Dir - straight line
Okay, then.
You die...

#♣..♣......#.#
+.♣♣♣♣.......#
#♣♣ ♣♣..+...#
♣♣###.## #..#
#.##
###############.#
..$.....#.......#
........#@..#..##
# #..s....#.## #
#####...#.## #
#....#<.## ###
#.##.##..#### #..
.. #........#
##.# ###
#####.##.####..#
#.##......##
#.######..##


You could see a scorpion.

Vanquished Creatures
  A hound (D:3)
  A worker ant (D:4)
  4 adders
  A white imp (Abyss:1)
  2 oozes
  3 dart slugs
  2 leopard geckos (D:3)
  3 orcs (D:3)
  A ball python (D:2)
  7 bats
  4 giant cockroaches
  10 goblins
  12 hobgoblins
  9 jackals
  7 kobolds
  A quokka (D:2)
  4 frilled lizards
  7 rats
79 creatures vanquished.

Notes
Turn   | Place    | Note
-------+----------+-------------------------------------------
     0 | Abyss:1  | McKennaii the Demonspawn Abyssal Knight began the quest for the Orb.
     0 | Abyss:1  | Reached XP level 1. HP: 18/18 MP: 2/2
   149 | Abyss:1  | Noticed a smoke demon
   150 | D:1      | Escaped the Abyss
   155 | D:1      | Gained mutation: You are partially covered in rugged brown scales. (AC +1, +3% HP) [demonic ancestry]
   155 | D:1      | Reached XP level 2. HP: 14/24 MP: 3/3
   679 | D:1      | Reached skill level 1 in Dodging
   687 | D:1      | Gained mutation: You regenerate a little health from kills. [demonic ancestry]
   687 | D:1      | Reached XP level 3. HP: 22/29 MP: 4/4
   860 | D:2      | Found a glowing golden altar of the Shining One.
  1071 | D:2      | Reached ** piety under Lugonu
  1230 | D:2      | Reached XP level 4. HP: 38/38 MP: 5/5
  2271 | D:3      | Found a basalt altar of Yredelemnul.
  2333 | D:3      | Found a white marble altar of Elyvilon.
  2417 | D:3      | Gained mutation: You are mostly covered in rugged brown scales. (AC +2, +5% HP) [demonic ancestry]
  2417 | D:3      | Reached XP level 5. HP: 34/44 MP: 6/6
  2515 | D:3      | Found a burning altar of Makhleb.
  3148 | D:4      | Found Dom Ruerch's Weapon Shop.
  3365 | D:4      | Found a runed door.
  3439 | D:4      | HP: 1/44 [poisoned by a scorpion]
  3440 | D:4      | Succumbed to a scorpion's poison

Skill      XL: |  1  2  3  4  5 |
---------------+----------------+-----
Long Blades    | 2 3 4 |  4.0
Armour         | 2 |  2.4
Dodging        | 1 |  1.5
Fighting       | 4 |  4.0
Stealth        | |  0.4
Invocations    | |  2.4

Action                   |  1- 3 |  4- 6 || total
-------------------------+-------+-------++-------
Melee: Falchion          |    99 |   242 ||   341
  Use: Potion            |       |     3 ||     3
 Stab: Distracted        |       |     1 ||     1
  Eat: Meat ration       |       |     1 ||     1
       Bread ration      |       |     1 ||     1
       Royal jelly       |       |     1 ||     1
Armor: Leather armour    |    38 |    80 ||   118
Dodge: Dodged            |    59 |   171 ||   230
       Rpst.: Falchion   |    17 |    46 ||    63
